 Dungeon Crawl Stone Soup version 0.22-a0-601-gb0ed703 (webtiles) character file.

46 Hebeh the Skirmisher (level 3, -4/33 HPs)
             Began as a Minotaur Fighter on July 6, 2018.
             Slain by a gnoll (6 damage)
             ... on level 2 of the Dungeon.
             The game lasted 00:01:27 (1016 turns).

Hebeh the Skirmisher (Minotaur Fighter)             Turns: 1016, Time: 00:01:27

Health: -4/33      AC:  7    Str: 21    XL:     3   Next: 44%
Magic:  2/2        EV:  7    Int:  5    God:
Gold:   86         SH:  9    Dex:  9    Spells: 2/2 levels left

rFire    . . .     SeeInvis .   a - +0 war axe
rCold    . . .     Gourm    .   c - +0 shield
rNeg     . . .     Faith    .   b - +0 scale mail
rPois    .         Spirit   .   (helmet restricted)
rElec    .         Reflect  .   (no cloak)
rCorr    .         Harm     .   (no gloves)
MR       .....                  (no boots)
Stlth    ..........             (no amulet)
HPRegen  0.11/turn              (no ring)
MPRegen  0.08/turn              (no ring)

@: no status effects
A: retaliatory headbutt, horns 2
a: no special abilities


You were on level 2 of the Dungeon.
You were not hungry.

You visited 1 branch of the dungeon, and saw 2 of its levels.

You collected 86 gold pieces.

Inventory:

Hand Weapons
 a - a +0 war axe (weapon)
Missiles
 m - 20 stones (quivered)
Armour
 b - a +0 scale mail (worn)
 c - a +0 shield (worn)
Scrolls
 g - a scroll of teleportation {unknown}
 h - a scroll of identify {unknown}
 i - a scroll of magic mapping {unknown}
 k - 2 scrolls of remove curse {unknown}
 l - a scroll of noise {unknown}
 n - a scroll of amnesia {unknown}
Potions
 d - a potion of might
 e - a potion of ambrosia {unknown}
 j - a potion of curing {unknown}
Comestibles
 f - 3 rations
 o - 6 chunks of flesh


   Skills:
 + Level 4.0 Fighting
 * Level 3.5 Axes
 + Level 4.0 Armour
 + Level 4.0 Shields


You had 2 spell levels left.
You didn't know any spells.
Your spell library was empty.

Dungeon Overview and Level Annotations

Branches:
Dungeon (2/15)

Altars:


Innate Abilities, Weirdness & Mutations

You reflexively headbutt those who attack you in melee.
You have a pair of horns on your head.


Message History

You closely miss the leopard gecko. You closely miss the gnoll.
The gnoll hits you but does no damage. You block the leopard gecko's attack.
The gnoll hits you but does no damage. You block the gnoll's attack.
The leopard gecko closely misses you. The gnoll hits you but does no damage.
The gnoll hits you from afar with a spear!
* * * LOW HITPOINT WARNING * * *
You block the leopard gecko's attack.
Things that are here:
a flail; a gnoll corpse Your shield prevents you from hitting the leopard gecko.
You headbutt the leopard gecko.
The leopard gecko is severely wounded.
You hit the gnoll. You block the gnoll's attack. The leopard gecko bites you.
* * * LOW HITPOINT WARNING * * *
The gnoll hits you but does no damage. The gnoll barely misses you.
You miss the leopard gecko.
The leopard gecko is severely wounded.
You completely miss the gnoll. You block the leopard gecko's attack.
The gnoll hits you but does no damage. The gnoll hits you.
You die...

.. .# ## .. ..## ..
.##... #. . ....###
###.### .#....>..
#...... #........
#......####.Kg.....
##..........@l....>.
..........#)(g###.#.
.......#...†........
......?$........##..
#.........#####.#
#.......### .#
..###...#### . #
#......#### .#
....#####.........#


You could see 2 gnolls, a leopard gecko and a kobold.

Vanquished Creatures
  A gnoll (D:2)
  A worm (D:2)
  3 dart slugs (D:2)
  3 leopard geckos
  3 bats
  A giant cockroach (D:2)
  3 goblins (D:1)
  5 hobgoblins
  A kobold (D:1)
  2 rats (D:2)
23 creatures vanquished.

Notes
Turn   | Place    | Note
-------+----------+-------------------------------------------
     0 | D:1      | Hebeh the Minotaur Fighter began the quest for the Orb.
     0 | D:1      | Reached XP level 1. HP: 19/19 MP: 0/0
   282 | D:1      | Reached XP level 2. HP: 27/27 MP: 1/1
  1001 | D:2      | Reached XP level 3. HP: 32/33 MP: 2/2
  1016 | D:2      | Slain by a gnoll

Vault maps used:
D:1:      giann_wishing_wells, minivault_5, serial_park_tiny_2
D:2:      chequers_ecumenical_altar_simple, minivault_11

Skill      XL: |  1  2  3 |
---------------+----------+-----
Axes           | 3 |  3.5
Fighting       | 4 |  4.0
Shields        | 4 |  4.0
Armour         | 4 |  4.0

Action                   || total
-------------------------++-------
Melee: War axe           ||    57
       Headbutt          ||     9
Armor: Scale mail        ||    36
Dodge: Dodged            ||    23
Block: Shield            ||    45

Table legend:
 A = Spawn XP
 B = Non-spawn XP
 C = Spawn XP percentage of total XP
 D = Spawn monster count
 E = Non-spawn monster count
 F = Spawn count percentage of total count
 G = Total turns spent on level
                    A         B        C        D         E        F      G
               +---------+---------+-------+---------+---------+-------+---------
         Total |       0 |      66 |   0.0 |       0 |      23 |   0.0 |  1016
               +---------+---------+-------+---------+---------+-------+---------
           D:1 |       0 |      17 |   0.0 |       0 |       8 |   0.0 |   957
           D:2 |       0 |      49 |   0.0 |       0 |      15 |   0.0 |    59
               +---------+---------+-------+---------+---------+-------+---------
